 Dungeon Crawl Stone Soup version 0.23.2-1-ga50397a (webtiles) character file.

Game seed: 3962730639360952929

5798 IBeShadow the Covert (level 10, -2/99 HPs)
             Began as a Naga Fighter on May 9, 2019.
             Was a Believer of Cheibriados.
             Slain by a two-headed ogre
             ... wielding a +0 giant club
              (12 damage)
             ... on level 9 of the Dungeon.
             The game lasted 00:26:42 (11255 turns).

IBeShadow the Covert (Naga Fighter)                Turns: 11255, Time: 00:26:43

Health: -2/99      AC:  8    Str: 26    XL:     10   Next: 79%
Magic:  13/13      EV:  6    Int: 13    God:    Cheibriados [**....]
Gold:   434        SH: 11    Dex: 14    Spells: 9/9 levels left

rFire    . . .     SeeInvis +   i - +2 hand axe (chop)
rCold    . . .     Gourm    .   c - +0 shield
rNeg     . . .     Faith    .   b - +0 scale mail
rPois    +         Spirit   .   u - +0 helmet
rElec    .         Reflect  .   (no cloak)
rCorr    .         Harm     .   (no gloves)
MR       ++...                  (no barding)
Stlth    +++.......             (no amulet)
HPRegen  0.26/turn              s - ring of protection from magic
MPRegen  0.13/turn              j - ring of flight

@: short of breath, very slow
A: large, see invisible, deformed body, poison resistance, slowness 2, slow
metabolism 1, spit poison 1, AC +3
a: Spit Poison, Bend Time, Renounce Religion, Evoke Flight


You were on level 9 of the Dungeon.
You worshipped Cheibriados.
Cheibriados was pleased with you.
You were not hungry.

You visited 2 branches of the dungeon, and saw 10 of its levels.

You collected 434 gold pieces.

Inventory:

Hand Weapons
 a - a +0 war axe
 i - a +2 hand axe of chopping (weapon)
Armour
 b - a +0 scale mail (worn)
 c - a +0 shield (worn)
 g - a +0 plate armour
 h - a +0 plate armour
 u - a +0 helmet (worn)
Jewellery
 j - a ring of flight (right hand)
 s - a ring of protection from magic (left hand)
 x - an uncursed ring of wizardry
Wands
 w - a wand of digging (4)
 A - a wand of polymorph (8)
Scrolls
 e - 2 scrolls of identify
 l - 2 scrolls of immolation
 m - a scroll of blinking
 n - 2 scrolls of teleportation
 o - 4 scrolls of remove curse
 r - 2 scrolls of enchant armour {unknown}
 v - 2 scrolls of enchant weapon
Potions
 d - 2 potions of cancellation {unknown}
 k - a potion of flight
 p - 2 potions of haste
 q - a potion of magic
 B - 2 potions of lignification
Comestibles
 f - 15 rations


   Skills:
 + Level 9.4 Fighting
 + Level 9.1 Axes
 - Level 2.4 Armour
 - Level 10.5 Stealth
 + Level 5.1 Shields
 + Level 4.4 Invocations


You had 9 spell levels left.
You didn't know any spells.
Your spell library contained the following spells:

 Spells                   Type           Power        Failure   Level  Hunger
 Sandblast                Erth           #.....       86%         1    ##.....
 Passwall                 Tmut/Erth      #.......     94%         2    ###....
 Stone Arrow              Conj/Erth      #.....       99%         3    ####...
 Petrify                  Tmut/Erth      #.......     100%        4    #####..
 Lee's Rapid Deconstruct  Erth           #.........   100%        5    ######.


Dungeon Overview and Level Annotations

Branches:
Dungeon (9/15)             Temple (1/1) D:4
   Lair: D:8-11         Orc: D:9-12

Altars:
Ashenzari
Cheibriados
Dithmenos
Elyvilon
Fedhas
Gozag
Hepliaklqana
Kikubaaqudgha
Makhleb
Nemelex Xobeh
Okawaru
Qazlal
Ru
Sif Muna
Trog
Uskayaw
Vehumet
Wu Jian
Xom
Yredelemnul
Zin
The Shining One


Innate Abilities, Weirdness & Mutations

You cannot wear boots.
Your serpentine skin is tough. (AC +3)
You have supernaturally acute eyesight. (SInv)
Armour fits poorly on your strangely shaped body.
Your system is resistant to poisons. (rPois)
You cover ground very slowly.
You have a slow metabolism.
You can spit poison.


Message History

You block the two-headed ogre's attack. The two-headed ogre closely misses you.
The two-headed ogre barely misses you. You block the two-headed ogre's attack.
Press: ? - help, Shift-Dir - straight line, f/p - two-headed ogre
Aim: a two-headed ogre, wielding two +0 giant clubs The splash of poison hits the two-headed ogre!
The two-headed ogre is poisoned.
The two-headed ogre is lightly wounded.
You feel slightly more hungry.
You barely miss the two-headed ogre.
The two-headed ogre is moderately wounded.
The two-headed ogre hits you with a +0 giant club!! x2
You hit the two-headed ogre but do no damage.
The two-headed ogre is moderately wounded.
The two-headed ogre hits you with a +0 giant club.
The two-headed ogre hits you with a +0 giant club!!
* * * LOW HITPOINT WARNING * * *
The two-headed ogre hits you with a +0 giant club!
* * * LOW HITPOINT WARNING * * *
The two-headed ogre hits you with a +0 giant club!
You die...

### ######### ........#
>.......# ##########
.......?###########.........
........#.O@........########
........'.###########
........### ........#
........# ........#
#.........# .........#
........#


You could see a two-headed ogre.

Vanquished Creatures
  A two-headed ogre (D:8)
  Pikel (D:6)
  A hornet (D:8)
  Grinder (D:6)
  Prince Ribbit (D:8)
  A hippogriff (D:8)
  A wraith (D:8)
  Eustachio (D:5)
  2 hungry ghosts
  Menkaure (D:6)
  Edmund (D:4)
  A soldier ant (D:5)
  Duvessa (D:6)
  2 ice beasts
  2 sky beasts
  2 orc warriors
  A black bear (D:6)
  3 ogres
  2 phantoms
  3 centaurs
  Blork the orc (D:6)
  3 bullfrogs
  Dowan (D:6)
  2 scorpions (D:6)
  A killer bee (D:5)
  A bullfrog zombie (D:7)
  2 crimson imps
  2 hounds
  A quasit (D:8)
  4 orc priests
  A centaur skeleton (D:5)
  2 iguanas
  4 orc wizards
  Terence (D:2)
  Jessica (D:3)
  11 worker ants
  A hound skeleton (D:9)
  A worker ant zombie (D:8)
  14 adders
  4 gnolls (D:4)
  5 shadow imps
  An ooze (D:1)
  2 adder skeletons (D:4)
  3 worms
  5 dart slugs
  3 leopard geckos
  26 orcs
  8 bats
  7 giant cockroaches
  11 goblins
  8 hobgoblins
  8 jackals
  9 kobolds
  5 quokkas
  2 ball pythons
  12 frilled lizards
  A jackal skeleton (D:5)
  A quokka skeleton (D:7)
  14 rats
218 creatures vanquished.

Vanquished Creatures (others)
  4 slaves (D:6)
  A bullfrog (D:6)
  A hound (D:6)
  A worker ant (D:6)
  A leopard gecko (D:6)
  5 orcs (D:6)
13 creatures vanquished.

Grand Total: 231 creatures vanquished

Notes
Turn   | Place    | Note
-------+----------+-------------------------------------------
     0 | D:1      | IBeShadow the Naga Fighter began the quest for the Orb.
     0 | D:1      | Reached XP level 1. HP: 21/21 MP: 1/1
    15 | D:1      | Reached skill level 1 in Stealth
   196 | D:1      | Reached XP level 2. HP: 26/28 MP: 2/2
   458 | D:1      | Reached skill level 2 in Stealth
   733 | D:1      | Reached XP level 3. HP: 31/34 MP: 3/3
  1413 | D:2      | Reached skill level 3 in Stealth
  1541 | D:2      | Reached XP level 4. HP: 33/44 MP: 4/4
  1735 | D:2      | Noticed Terence
  1746 | D:2      | Killed Terence
  1943 | D:2      | Found a faded altar of an unknown god.
  2030 | D:2      | Noticed a moth of wrath
  2033 | D:2      | Found a bloodstained altar of Trog.
  2096 | D:2      | You fall through a shaft!
  2149 | D:3      | Reached XP level 5. HP: 32/50 MP: 5/5
  2198 | D:3      | Reached skill level 4 in Stealth
  2589 | D:3      | Noticed an ogre
  2596 | D:3      | Killed an ogre
  2902 | D:3      | Reached skill level 5 in Stealth
  2910 | D:3      | Noticed Jessica
  2916 | D:3      | Reached XP level 6. HP: 53/58 MP: 6/6
  2921 | D:3      | Killed Jessica
  3624 | D:4      | Found a staircase to the Ecumenical Temple.
  3982 | D:4      | Noticed a phantom
  4005 | D:4      | Killed a phantom
  4005 | D:4      | Reached skill level 5 in Fighting
  4005 | D:4      | Reached skill level 6 in Stealth
  4005 | D:4      | Reached XP level 7. HP: 58/67 MP: 7/7
  4143 | D:4      | Found a glowing silver altar of Zin.
  4143 | D:4      | Noticed an angel
  4155 | D:5      | Entered Level 5 of the Dungeon
  4155 | D:5      | Noticed Edmund
  4184 | D:4      | Killed Edmund
  4532 | D:5      | Reached skill level 7 in Stealth
  4793 | D:5      | Noticed Eustachio
  4855 | D:5      | Killed Eustachio
  4855 | D:5      | Reached skill level 5 in Axes
  5072 | D:5      | Reached XP level 8. HP: 69/76 MP: 8/8
  5146 | D:5      | Found a runed translucent door.
  5151 | D:5      | Found a runed translucent door.
  5179 | D:5      | Reached skill level 8 in Stealth
  5874 | D:5      | Reached skill level 9 in Stealth
  6279 | D:6      | Noticed Menkaure
  6289 | D:6      | Killed Menkaure
  6290 | D:6      | Noticed Pikel
  6305 | D:6      | Reached XP level 9. HP: 24/86 MP: 9/9
  6318 | D:6      | Killed Pikel
  6318 | D:6      | Reached skill level 10 in Stealth
  6741 | D:6      | Noticed Blork the orc
  6754 | D:6      | Killed Blork the orc
  6877 | D:6      | Noticed Grinder
  6902 | D:6      | Paralysed by Grinder for 5 turns
  6907 | D:6      | Killed Grinder
  7254 | D:6      | Noticed Duvessa
  7258 | D:6      | Noticed Dowan
  7271 | D:6      | Killed Duvessa
  7274 | D:6      | Killed Dowan
  7755 | Temple   | Entered the Ecumenical Temple
  7967 | Temple   | Became a worshipper of Cheibriados the Contemplative
  8495 | D:7      | Noticed a two-headed ogre
  8708 | D:7      | Reached skill level 1 in Invocations
  8913 | D:7      | Reached * piety under Cheibriados
  9135 | D:7      | Reached XP level 10. HP: 85/98 MP: 9/11
  9261 | D:8      | Noticed Prince Ribbit
  9269 | D:8      | Found a white marble altar of Elyvilon.
  9306 | D:8      | Killed Prince Ribbit
  9870 | D:8      | Found a sacrificial altar of Ru.
  9959 | D:8      | Paralysed by a hornet for 3 turns
 10344 | D:8      | Reached ** piety under Cheibriados
 10506 | D:8      | Noticed a two-headed ogre
 10520 | D:8      | Killed a two-headed ogre
 10520 | D:8      | Reached skill level 5 in Shields
 11071 | D:9      | Found a hazy altar of Hepliaklqana.
 11163 | D:9      | Found a hide-covered altar of Uskayaw.
 11246 | D:9      | Noticed a two-headed ogre
 11255 | D:9      | Slain by a two-headed ogre

Skill      XL: |  1  2  3  4  5  6  7  8  9 10 |
---------------+-------------------------------+-----
Stealth        | 1 2 3 5 6 7 9 10 | 10.5
Axes           | 3 4 5 6 8 9 |  9.1
Fighting       | 4 5 7 8 9 |  9.4
Shields        | 4 5 |  5.1
Invocations    | 1 4 |  4.4
Armour         | |  2.4

Action                   |  1- 3 |  4- 6 |  7- 9 | 10-12 || total
-------------------------+-------+-------+-------+-------++-------
Melee: War axe           |   133 |    15 |       |       ||   148
       Hand axe          |       |   191 |   333 |   175 ||   699
Throw: Throwing net      |       |       |       |     1 ||     1
Invok: Bend Time         |       |       |       |     1 ||     1
 Abil: Spit Poison       |     2 |     5 |    47 |    19 ||    73
  Use: Potion            |       |       |     7 |     4 ||    11
       Scroll            |       |       |    14 |     7 ||    21
 Stab: Sleeping          |       |       |     5 |     4 ||     9
       Invisible         |       |       |     2 |       ||     2
       Distracted        |       |       |     1 |       ||     1
       Held in net/web   |       |       |       |     1 ||     1
  Eat: Chunk             |     2 |     6 |     9 |    11 ||    28
       Ration            |       |       |     2 |       ||     2
Armor: Scale mail        |    56 |    78 |   117 |    66 ||   317
       Skin              |       |       |     3 |     4 ||     7
Dodge: Dodged            |    35 |    40 |    77 |    46 ||   198
Block: Shield            |    51 |   109 |   150 |    92 ||   402
